 Dungeon Crawl Stone Soup version 0.31-a0-988-g08d55dae12 (webtiles) character file.

Game seed: 5924629094606663054

5574 kae the Mimic (level 10, 0/88 HPs)
             Began as a Yellow Draconian Shapeshifter on Nov 3, 2023.
             Was a Priest of Qazlal.
             Slain by a kobold
             ... wielding a +0 dagger
              (1 damage)
             ... on level 9 of the Dungeon on Nov 4, 2023.
             The game lasted 00:10:59 (9363 turns).

kae the Mimic (Yellow Draconian Shapeshifter)       Turns: 9363, Time: 00:11:00

Health: 0/88       AC: 10    Str: 16    XL:     10   Next: 44%
Magic:  14/14      EV: 12    Int: 10    God:    Qazlal [***...]
Gold:   729        SH:  4    Dex: 16    Spells: 9/9 levels left

rFire   + .          .
                       - Unarmed
rCold   . . .        (shield currently unavailable)
rNeg    + . .        (body armour unavailable)
rPois   .            (helmet restricted)
rElec   .            A - +2 cloak
rCorr   +            (no gloves)
SInv    .            (no boots)
Will    .....        g - amulet of regeneration
Stlth   +            F - ring of protection from fire
HPRegen 1.14/turn    N - ring of positive energy
MPRegen 0.14/turn

%: no passive effects
@: flux-form, slowed, glowing, studying Fighting, very slow
A: glow, contaminating, spit acid, AC +7, unfitting armour, cold-blooded, acid
resistance
a: Breathe Acid, Begin Untransformation, Renounce Religion, Upheaval, Elemental
Force


You were on level 9 of the Dungeon.
You worshipped Qazlal.
Qazlal was most pleased with you.
You were something dangerously unstable.
You visited 2 branches of the dungeon, and saw 10 of its levels.
You also visited: Sewer and Ossuary.

You collected 894 gold pieces.
You spent 165 gold pieces at shops.


Innate Abilities, Weirdness & Mutations

You are something dangerously unstable.
You glow with magical radiation, making you easy to see and hit.
Foes you strike become dangerously contaminated with magical radiation.
You are incapable of wielding weapons or throwing items.
You can spit globs of acid.
Your golden yellow scales are hard. (AC +7)
You cannot fit into any form of body armour.
You are cold-blooded and may be slowed by cold attacks.
You are resistant to acid. (rCorr)


   Skills:
 + Level 8.0 Fighting
 - Level 1.7 Dodging
 + Level 8.5 Unarmed Combat
 + Level 5.7 Invocations
 * Level 10.7 Shapeshifting


You had 9 spell levels left.
You didn't know any spells.
Your spell library contained the following spells:

 Spells                   Type           Power      Damage    Failure   Level
 Ensorcelled Hibernation  Hex/Ice        0%         N/A       50%         2
 Lesser Beckoning         Tloc           0%         N/A       50%         2
 Passwall                 Tmut/Erth      0%         N/A       50%         2
 Gell's Gravitas          Tloc           0%         N/A       75%         3
 Swiftness                Air            0%         N/A       75%         3
 Teleport Other           Tloc           0%         N/A       75%         3

Inventory:

Missiles
 a - 12 curare-tipped darts {=f}
 i - 107 stones
 j - 8 boomerangs
 n - 25 poisoned darts
 q - 5 silver javelins
 K - a throwing net {=f!f}
Armour
 A - a +2 cloak (worn)
   (You found it on level 6 of the Dungeon)
Jewellery
 g - an amulet of regeneration (around neck)
   (You found it on level 7 of the Dungeon)
 y - the ring "Huazoyle" {Drain rElec rF- Str+9 Int+6}
   (You found it on level 7 of the Dungeon)

   [ring of intelligence]

   Str+9:     It affects your strength (+9).
   Int+6:     It affects your intelligence (+6).
   rF-:       It makes you vulnerable to fire.
   rElec:     It insulates you from electricity.
   Drain:     It drains your maximum health when unequipped.
 F - a ring of protection from fire (left hand)
   (You found it on level 2 of the Dungeon)
 J - the ring "Cuproik" {Wiz Int+3 Slay+2}
   (You found it on level 9 of the Dungeon)

   [ring of wizardry]

   Wiz:       It improves your spell success rate.
   Int+3:     It affects your intelligence (+3).
   Slay+2:    It affects your accuracy & damage with ranged weapons and melee
   (+2).
 L - a ring of flight
   (You found it on level 9 of the Dungeon)
 N - a ring of positive energy (right hand)
   (You found it on level 3 of the Dungeon)
 W - a ring of magical power
   (You found it on level 4 of the Dungeon)
Talismans
 b - a beast talisman
 c - a flux talisman (active)
Wands
 d - a wand of quicksilver (11)
   (You took it off an orc on level 4 of the Dungeon)
 D - a wand of digging (2)
   (You found it on level 8 of the Dungeon)
 G - a wand of flame (4)
   (You found it on level 8 of the Dungeon)
 H - a wand of iceblast (11)
   (You found it on level 8 of the Dungeon)
Scrolls
 k - 4 scrolls of enchant armour
 l - 2 scrolls of fog
 o - a scroll of torment {!r}
 p - a scroll of blinking {!r}
 u - 2 scrolls of revelation
 x - 2 scrolls of enchant weapon
 z - 8 scrolls of identify {@r1}
 C - 2 scrolls of teleportation {@r4}
 E - a scroll of summoning
Potions
 e - a potion of attraction {!q}
 f - a potion of magic
 h - 2 potions of curing {@q1}
 m - 2 potions of might
 r - a potion of invisibility
 s - a potion of heal wounds {@q2}
 t - 2 potions of haste {@q3}
 v - a potion of enlightenment
 w - a potion of mutation {!q}
 B - 2 potions of lignification {!q}
 I - 2 potions of resistance

Dungeon Overview and Level Annotations

Branches:
Dungeon (9/15) Zot: 26618  Temple (1/1) D:5 Zot: 5976   Sewer (visited)
Ossuary (visited)
   Lair: D:8-11         Orc: D:9-12

Altars:
Ashenzari
Cheibriados
Dithmenos
Elyvilon
Fedhas
Gozag
Hepliaklqana
Kikubaaqudgha
Makhleb
Nemelex Xobeh
Okawaru
Qazlal
Ru
Sif Muna
Trog
Uskayaw
Vehumet
Wu Jian
Xom
Yredelemnul
Zin
The Shining One

Shops:
D:6

*(:?: .... .... ..... .....
...... #..K# .##..o°#####
......Wp)..# ....#.KK...# .
##......#######
...#.........##...# ..
......#.#.........### # ...
......#.##.#..###...## ..#. ....
... ...##.#..####...#....< ....
..##..........##.........
....####..#.......#..#....#...##


You could see a shadow, an orc and 3 kobolds.


Message History

The kobold brigand throws a poisoned dart.
The poisoned dart hits you!
You are poisoned.
You block the orc's attack.
You hit the orc wizard.
You kill the orc wizard!
Qazlal accepts your kill.
You feel sick.
The kobold brigand throws a poisoned dart.
The poisoned dart hits you!
You are more poisoned.
The shadow slips into darkness.
The shadow flickers and vanishes!
Deactivating autopickup; reactivate with Ctrl-A.
The orc misses you. 😕 HP[-2]
You take 2 damage, and now have 86/88 hp.
You feel very sick. The kobold brigand closely misses you.
You block the kobold's attack. The orc closely misses you.
Things that are here:
a +0 club; 5 stones; a kobold corpse You miss the kobold brigand.
You feel sick.
The kobold brigand hits you with a +0 whip. 😕 HP[-9]
You take 9 damage, and now have 77/88 hp.
You hit the kobold brigand.
The kobold brigand begins to glow.
You feel sick. The kobold misses you. The orc hits you but does no damage.
The kobold hits you but does no damage.
The kobold brigand hits you with a +0 whip.
You punch the kobold brigand!
The kobold brigand glows dangerously bright.
You feel sick. 😕 HP[-4]
You take 4 damage, and now have 73/88 hp.
Unknown command.
You hit the kobold brigand.
The kobold brigand shudders as magic cascades through it!
The kobold brigand twists and deforms.
You tail-slap the kobold brigand, but do no damage.
You feel sick.
The kobold brigand hits you with a +0 whip.
The orc barely misses you. The kobold hits you with a +0 dagger.
The wraith hits you. The wraith drains your vigour!
You feel yourself slow down. The kobold hits you but does no damage.
You are too injured to fight recklessly! 😮 HP[-13]
You take 13 damage, and now have 60/88 hp.
You hit the wraith but do no damage.
The wraith begins to glow.
You feel sick.
The kobold brigand hits you with a +0 whip.
You block the wraith's attack. The orc hits you but does no damage.
The kobold closely misses you. The kobold hits you but does no damage.
You block the kobold's attack. The wraith hits you.
The kobold hits you but does no damage. The kobold brigand misses you.
The orc hits you but does no damage. 😮 HP[-5]
You take 5 damage, and now have 55/88 hp.
You hit the wraith.
The wraith glows dangerously bright.
You feel sick. The kobold brigand barely misses you.
The orc hits you but does no damage. The kobold hits you but does no damage.
The wraith is engulfed in freezing vapours.
The wraith hits you but does no damage. The kobold closely misses you.
Unknown command.
You hit the wraith.
The wraith shudders as magic cascades through it!!
You destroy the wraith!
Qazlal accepts your kill.
You feel sick.
The kobold brigand hits you with a +0 whip.
The kobold hits you but does no damage. The kobold barely misses you.
You block the orc's attack.
Your Fighting skill increases to level 8! 😮 HP[-5]
You take 5 damage, and now have 50/88 hp.
You closely miss the kobold brigand.
Your tail-slap misses the kobold brigand.
You have got your breath back.
You feel sick.
The shadow strikes at you from the darkness!
* * * LOW HITPOINT WARNING * * *
Reactivating autopickup.
The kobold brigand barely misses you. The orc barely misses you.
The kobold barely misses you. You block the kobold's attack.
The shadow hits you.
* * * LOW HITPOINT WARNING * * *
The kobold hits you with a +0 dagger.
* * * LOW HITPOINT WARNING * * *
You block the orc's attack. The kobold closely misses you.
The kobold brigand hits you with a +0 whip!
* * * LOW HITPOINT WARNING * * *
You hit the kobold brigand.
You kill the kobold brigand!
Qazlal accepts your kill.
You feel sick.
You are no longer poisoned.
The shadow hits you.
* * * LOW HITPOINT WARNING * * *
The kobold hits you with a +0 dagger.
You die...

Skill      XL: |  1  2  3  4  5  6  7  8  9 10 |
---------------+-------------------------------+-----
Shapeshifting  | 4 5 6 7 8 10 | 10.7
Unarmed Combat | 4 5 6 7 8 |  8.5
Invocations    | 2 4 5 |  5.7
Fighting       | 3 6 8 |  8.0
Dodging        | |  1.7

Action                     |  1- 3 |  4- 6 |  7- 9 | 10-12 || total
---------------------------+-------+-------+-------+-------++-------
  Melee: Unarmed           |   118 |   149 |   436 |   154 ||   857
         Tailslap          |     5 |    18 |    80 |    19 ||   122
         Punch             |       |     4 |     9 |       ||    13
Ability: Breathe Acid      |       |       |     5 |     5 ||    10
  Evoke: Wand              |       |       |     3 |       ||     3
    Use: Scroll            |     5 |     6 |     7 |     3 ||    21
         Potion            |       |     5 |     7 |       ||    12
   Stab: Sleeping          |     1 |     1 |     2 |       ||     4
         Paralysed         |       |       |     1 |       ||     1
 Armour: Skin              |    66 |   138 |   324 |   144 ||   672
  Dodge: Dodged            |    77 |   106 |   292 |    92 ||   567
  Block: Other             |       |       |    11 |    34 ||    45
   Form: Flux              |       |       |     1 |       ||     1

Levels and vault maps discovered:
D:1:      doesnt_arrival_eight_statues, layout_basic, hex_medium,
          hangedman_decor_diamond_cutter
D:2:      cheibrodos_greedy_goblins, layout_rooms,
          nicolae_ecumenical_snake_handling, minmay_tripent
D:3:      cheibrodos_pilgrimage, layout_basic, nicolae_elyvilon_temple_path,
          uniq_natasha
D:4:      layout_basic, grunt_temple_overflow_open, gup_sewer_entry_glass
D:5:      layout_cave_pools, nicolae_overflow_squiral,
          minmay_temple_entry_statues_fountains, serial_demonic,
          serial_demonic_b, serial_demonic_a, serial_demonic_e,
          serial_demonic_d, serial_demonic_e, serial_demonic_c,
          serial_demonic_f, serial_demonic_e, enter_ossuary_2
D:6:      wad_crossroads, layout_basic, nicolae_ru_great_annihilating_truth,
          old_standard_altar, serial_shops, shop_statue, shop,
          nicolae_shop_temple_entry_statues_fountains, shop, shop,
          interstate_on_off, uniq_eustachio
D:7:      layout_cave_pools, chei_slow_surprise, mainiacjoe_overflow_brackets,
          minmay_misc_feat_square
D:8:      layout_cave_pools, special_room [special_room_orc], minivault_24
D:9:      layout_cave_pools, laboratory, uniq_maggie
Temple:   chequers_temple_sunken

Notes
Turn   | Place    | Note
-------+----------+-------------------------------------------
     0 | D:1      | kae the Draconian Shapeshifter began the quest for the Orb.
     0 | D:1      | Reached XP level 1. HP: 16/16 MP: 1/1
     0 | D:1      | magus.rc [v1.11.3]
   244 | D:1      | Reached XP level 2. HP: 23/23 MP: 2/2
   425 | D:1      | Upgraded the game from 0.31-a0-986-g5e6e4ef867 to
                  | 0.31-a0-988-g08d55dae12
   425 | D:1      | magus.rc [v1.11.3]
   845 | D:2      | Identified a scroll of acquirement
   845 | D:2      | Acquired 509 gold pieces
   983 | D:2      | Reached XP level 3. HP: 23/28 MP: 3/3
  1101 | D:2      | Found a faded altar of an unknown god.
  1193 | D:2      | You pick up a book of Displacement and begin reading...
  1193 | D:2      | You add the spells Lesser Beckoning, Gell's Gravitas and
                  | Teleport Other to your library.
  1250 | D:2      | Reached skill level 4 in Shapeshifting
  1409 | D:2      | You pick up a book of Burglary and begin reading...
  1409 | D:2      | You add the spells Passwall, Ensorcelled Hibernation and
                  | Swiftness to your library.
  1494 | D:3      | Noticed Natasha
  1504 | D:3      | Killed Natasha
  1505 | D:3      | Reached XP level 4. HP: 15/35 MP: 4/4
  1527 | D:3      | Noticed Natasha
  1541 | D:3      | Killed Natasha
  1547 | D:3      | Found a white marble altar of Elyvilon.
  1830 | D:3      | Reached skill level 4 in Unarmed Combat
  1845 | D:3      | Noticed Natasha
  1852 | D:3      | Killed Natasha
  1853 | D:3      | Reached XP level 5. HP: 38/40 MP: 5/5
  2212 | D:3      | Reached skill level 5 in Shapeshifting
  2554 | D:3      | Reached XP level 6. HP: 18/47 MP: 6/6
  2792 | D:4      | Found a shadowy altar of Dithmenos.
  2795 | D:4      | Found an iron altar of Okawaru.
  2817 | D:4      | Found a hazy altar of Hepliaklqana.
  2892 | D:4      | Reached skill level 6 in Shapeshifting
  2929 | D:4      | Found a glowing drain.
  2937 | D:4      | Reached skill level 5 in Unarmed Combat
  2970 | Sewer    | Entered a sewer
  3103 | Sewer    | Your scales start taking on a golden yellow colour.
  3103 | Sewer    | Reached XP level 7. HP: 27/52 MP: 7/7
  3103 | Sewer    | Gained mutation: You are resistant to acid. (rCorr) [Yellow
                  | Draconian growth]
  3985 | D:4      | HP: 9/52 [orc/bolt of dispelling energy (17)]
  4484 | D:5      | Entered Level 5 of the Dungeon
  4511 | D:5      | HP: 5/52 [white imp/puff of frost (10)]
  4638 | D:5      | Reached skill level 7 in Shapeshifting
  4651 | D:5      | Reached skill level 6 in Unarmed Combat
  4705 | D:5      | Reached XP level 8. HP: 21/59 MP: 8/8
  4721 | D:5      | Found a staircase to the Ecumenical Temple.
  4733 | Temple   | Entered the Ecumenical Temple
  4743 | Temple   | Became a worshipper of Qazlal Stormbringer
  4777 | D:5      | HP: 9/59 [white imp/puff of frost (10)]
  4778 | D:5      | HP: 2/59 [ufetubus (3)]
  4784 | D:5      | HP: 6/59 [white imp/puff of frost (6)]
  4834 | D:5      | HP: 14/59 [white imp/puff of frost (7)]
  4861 | D:5      | Found a bloodstained altar of Trog.
  4922 | D:5      | Found a sand-covered staircase.
  4927 | Ossuary  | Entered an ossuary
  5420 | D:5      | Found a basalt altar of Yredelemnul.
  5437 | D:5      | You pick up a book of Displacement and begin reading...
  5475 | D:5      | Reached * piety under Qazlal
  5589 | D:5      | Reached skill level 8 in Shapeshifting
  5819 | D:6      | Noticed Eustachio
  5824 | D:6      | Killed Eustachio
  5825 | D:6      | Reached skill level 1 in Invocations
  5918 | D:6      | Reached skill level 2 in Fighting
  5950 | D:6      | Found Baiskekk's Book Shop.
  6080 | D:6      | Found a shimmering blue altar of Sif Muna.
  6086 | D:6      | Found Ilirreik's Assorted Antiques.
  6094 | D:6      | Bought a potion of curing for 81 gold pieces
  6247 | D:6      | Reached skill level 2 in Invocations
  6282 | D:6      | Found Okeghier's Weapon Shop.
  6284 | D:6      | Found Niggiop's Book Boutique.
  6525 | D:6      | Found a sacrificial altar of Ru.
  6802 | D:6      | Found Anoeluna's Magic Scroll Shoppe.
  6806 | D:6      | Bought a scroll of identify for 28 gold pieces
  6806 | D:6      | Bought a scroll of identify for 28 gold pieces
  6806 | D:6      | Bought a scroll of identify for 28 gold pieces
  7005 | D:7      | Reached skill level 7 in Unarmed Combat
  7010 | D:7      | Reached skill level 3 in Fighting
  7015 | D:7      | HP: 14/63 [kobold/+0 whip (3)]
  7184 | D:7      | Acquired a manual of Fighting
  7234 | D:7      | Reached XP level 9. HP: 51/70 MP: 11/11
  7390 | D:7      | Found a shimmering altar of Xom.
  7470 | D:7      | Reached skill level 9 in Shapeshifting
  7484 | D:7      | Reached ** piety under Qazlal
  7488 | D:7      | Reached skill level 3 in Invocations
  7525 | D:7      | Reached skill level 4 in Fighting
  7717 | D:7      | Identified the ring "Huazoyle" {Drain rElec rF- Str+9
                  | Int+6}
  7740 | D:7      | Reached skill level 5 in Fighting
  7743 | D:7      | Reached skill level 4 in Invocations
  7968 | D:7      | Reached skill level 6 in Fighting
  8123 | D:7      | Found a snail-covered altar of Cheibriados.
  8261 | D:8      | Reached skill level 10 in Shapeshifting
  8383 | D:8      | Reached skill level 8 in Unarmed Combat
  8395 | D:8      | Reached XP level 10. HP: 59/84 MP: 13/13
  8468 | D:8      | Noticed a gargoyle
  8476 | D:8      | Killed a gargoyle
  8477 | D:8      | Reached skill level 5 in Invocations
  8532 | D:8      | Reached skill level 7 in Fighting
  8976 | D:9      | Noticed Maggie
  8984 | D:9      | Killed Maggie
  8984 | D:9      | Reached *** piety under Qazlal
  9220 | D:9      | Identified the ring "Cuproik" {Wiz Int+3 Slay+2}
  9362 | D:9      | Reached skill level 8 in Fighting
  9362 | D:9      | HP: 22/88 [something (29)]
  9362 | D:9      | HP: 7/88 [kobold brigand/+0 whip (7)]
  9363 | D:9      | HP: 1/88 [shadow (6)]
  9363 | D:9      | Slain by a kobold

Vanquished Creatures
  A gargoyle (D:8)
  Maggie (D:9)
  A wraith (D:9)
  3 wyverns
  4 yaks (D:7)
  Eustachio (D:6)
  2 vampire mosquitoes (D:7)
  3 water moccasins
  An acid dragon (D:8)
  A black bear (D:6)
  An ice beast (D:7)
  2 orc warriors
  An ogre (D:7)
  4 centaurs
  6 kobold brigands
  3 bullfrogs
  4 killer bees (D:9)
  A quasit (D:5)
  6 hounds
  A human zombie (Ossuary)
  7 orc priests
  2 jellies
  A gnoll bouda (D:8)
  2 iguanas
  A sleepcap (D:7)
  Natasha (thrice) (D:3)
  9 orc wizards
  3 mummies (Ossuary)
  17 adders
  7 gnolls
  2 river rats (Sewer)
  2 shadow imps (D:5)
  11 white imps
  7 ufetubi
  3 worms
  5 dart slugs
  53 orcs
  5 endoplasms
  2 giant cockroaches
  8 hobgoblins
  10 jackals
  27 kobolds
  5 quokkas
  11 ball pythons
  4 bats
  5 frilled lizards
  16 goblins
  4 goblin zombies (Ossuary)
  A kobold zombie (Ossuary)
  2 orc zombies (Ossuary)
  9 rats
291 creatures vanquished.

Table legend:
 A = Non-vault XP
 B = Vault XP
 C = Vault XP percentage of total XP
 D = Non-vault monster count
 E = Vault monster count
 F = Vault count percentage of total count
                 A         B        C        D         E       F
            +---------+---------+-------+---------+---------+-------
      Total |    6429 |    1639 |  20.3 |     184 |     107 |  36.8
            +---------+---------+-------+---------+---------+-------
        D:1 |      32 |       0 |   0.0 |      16 |       0 |   0.0
        D:2 |      47 |      52 |  52.5 |       6 |      21 |  77.8
        D:3 |     148 |      78 |  34.5 |      17 |       2 |  10.5
        D:4 |     360 |      65 |  15.3 |      33 |       5 |  13.2
        D:5 |     475 |     162 |  25.4 |      16 |      13 |  44.8
        D:6 |     352 |     471 |  57.2 |      10 |       9 |  47.4
        D:7 |    2273 |       0 |   0.0 |      36 |       0 |   0.0
        D:8 |    1356 |      97 |   6.7 |      31 |      20 |  39.2
        D:9 |    1386 |     389 |  21.9 |      19 |       1 |   5.0
      Sewer |       0 |     221 | 100.0 |       0 |      25 | 100.0
    Ossuary |       0 |     104 | 100.0 |       0 |      11 | 100.0
            +---------+---------+-------+---------+---------+-------

Skill      XL: |  1  2  3  4  5  6  7  8  9 10 |
---------------+-------------------------------+-----
Shapeshifting  | 4 5 6 7 8 10 | 10.7
Unarmed Combat | 4 5 6 7 8 |  8.5
Invocations    | 2 4 5 |  5.7
Fighting       | 3 6 8 |  8.0
Dodging        | |  1.7

Action                     |  1- 3 |  4- 6 |  7- 9 | 10-12 || total
---------------------------+-------+-------+-------+-------++-------
  Melee: Unarmed           |   118 |   149 |   436 |   154 ||   857
         Tailslap          |     5 |    18 |    80 |    19 ||   122
         Punch             |       |     4 |     9 |       ||    13
Ability: Breathe Acid      |       |       |     5 |     5 ||    10
  Evoke: Wand              |       |       |     3 |       ||     3
    Use: Scroll            |     5 |     6 |     7 |     3 ||    21
         Potion            |       |     5 |     7 |       ||    12
   Stab: Sleeping          |     1 |     1 |     2 |       ||     4
         Paralysed         |       |       |     1 |       ||     1
 Armour: Skin              |    66 |   138 |   324 |   144 ||   672
  Dodge: Dodged            |    77 |   106 |   292 |    92 ||   567
  Block: Other             |       |       |    11 |    34 ||    45
   Form: Flux              |       |       |     1 |       ||     1

Illustrated notes

Table legend:
 A = Kills in this place as a percentage of kills in the entire game.
 B = Kills by you in this place as a percentage of kills by you in the entire game.
 C = Kills by friends in this place as a percentage of kills by friends in the entire game.
 D = Other kills in this place as a percentage of other kills in the entire game.
 E = Experience gained in this place as a percentage of experience gained in the entire game.
 F = Experience gained in this place divided by the number of levels of this place that you have seen.
                   A       B       C       D       E      F
               +-------+-------+-------+-------+-------+----------------------
         Total | 100.0 | 100.0 |   N/A |   N/A | 100.0 | 672.3
       Dungeon |  87.6 |  87.6 |   N/A |   N/A |  96.0 | 860.3
         Sewer |   8.6 |   8.6 |   N/A |   N/A |   2.7 | 221.0
       Ossuary |   3.8 |   3.8 |   N/A |   N/A |   1.3 | 104.0
               +-------+-------+-------+-------+-------+----------------------

Table legend: (Time is in decaauts)
 A = Elapsed time spent in this place.
 B = Non-inter-level travel time spent in this place.
 C = Inter-level travel time spent in this place.
 D = Time resting spent in this place.
 E = Time spent auto-exploring this place.
 F = Levels seen in this place.
 G = Mean time per level.
                   A        B        C        D        E       F      G
               +--------+--------+--------+--------+--------+-----+--------+
         Total |   9383 |   9176 |    207 |   1133 |   6025 |  12 |  781.9 |
       Dungeon |   8008 |   7801 |    207 |    764 |   5333 |   9 |  889.8 |
        Temple |     23 |     23 |      0 |      0 |      0 |   1 |   23.0 |
         Sewer |    979 |    979 |      0 |    226 |    555 |   1 |  979.0 |
       Ossuary |    372 |    372 |      0 |    143 |    136 |   1 |  372.0 |
               +--------+--------+--------+--------+--------+-----+--------+

Top non-repeatable levels by time:
     D:6: 1411 daAuts
     D:3: 1088 daAuts
     D:4: 1070 daAuts
     D:7: 1051 daAuts
   Sewer: 979 daAuts
     D:1: 839 daAuts
     D:8: 760 daAuts
     D:5: 706 daAuts
     D:2: 702 daAuts
     D:9: 379 daAuts
 Ossuary: 372 daAuts
  Temple: 23 daAuts
